 Dungeon Crawl Stone Soup version 0.28-a0-1387-g3a22ab9bdc (webtiles) character file.

Game seed: 12953432767300723484

9434 rogsnak the Destroyer (level 11, -1/74 HPs)
             Began as a Demonspawn Air Elementalist on Jan 3, 2022.
             Was a Priest of Sif Muna.
             Slain by a boulder beetle (27 damage)
             ... on level 10 of the Dungeon.
             The game lasted 00:27:39 (15110 turns).

rogsnak the Destroyer (DsAE)                       Turns: 15110, Time: 00:27:40

Health: -1/74      AC: 10    Str:  9    XL:     11   Next: 23%
Magic:  24/24      EV: 13    Int: 31    God:    Sif Muna [***...]
Gold:   761        SH:  0    Dex: 13    Spells: 10/28 levels left

rFire   . . .      SeeInvis .   X - +10 broad axe of Bodily Harmony {freeze, rPois Int+4}
rCold   . . .      Faith    .   (no shield)
rNeg    . . .      Spirit   .   Y - +2 robe {Will+}
rPois   +          Reflect  .   (helmet restricted)
rElec   .          Harm     .   E - scarf {shadows}
rCorr   +          Rampage  .   q - +2 pair of gloves
Will    +....                   (no boots)
Stlth   ++........              (no amulet)
HPRegen 0.22/turn               n - ring of resist corrosion
MPRegen 0.19/turn               V - +6 ring of intelligence

@: no status effects
A: horns 2, molten scales 2, powered by death 3, spiny 1
a: Renounce Religion, Channel Magic, Forget Spell


You were on level 10 of the Dungeon.
You worshipped Sif Muna.
Sif Muna was most pleased with you.
You visited 2 branches of the dungeon, and saw 12 of its levels.
You also visited: Ossuary.

You collected 761 gold pieces.

Inventory:

Hand Weapons
 J - a +2 spear of pain
 X - the +10 broad axe of Bodily Harmony (weapon) {freeze, rPois Int+4}
   (You found it on level 8 of the Dungeon)

   It freezes those it strikes, dealing additional cold damage.
   It can also slow down cold-blooded creatures.
   Int:       It affects your intelligence (+4).
   rPois:     It protects you from poison.
Missiles
 i - a curare-tipped dart
 v - 46 poisoned darts
 Q - 2 throwing nets
Armour
 l - the +9 tower shield of the Iron Devil {rN+ SInv}
   (You found it on level 10 of the Dungeon)

   rN:        It protects you from negative energy.
   SInv:      It lets you see invisible.
 q - a +2 pair of gloves (worn)
 w - a +0 ring mail of willpower
 E - a scarf of shadows (worn)
 Y - a +2 robe of willpower (worn)
Magical Staves
 d - a staff of poison
 y - a staff of conjuration
Jewellery
 n - a ring of resist corrosion (left hand)
 B - a ring of ice
 I - a ring of ice
 V - a +6 ring of intelligence (right hand)
Wands
 b - a wand of flame (19)
 u - a wand of acid (10)
 z - a wand of digging (8)
 C - a wand of iceblast (4)
 F - a wand of paralysis (10)
Scrolls
 h - 11 scrolls of identify {unknown}
 k - a scroll of torment {unknown}
 m - 2 scrolls of immolation {unknown}
 p - a scroll of fear {unknown}
 r - 3 scrolls of magic mapping {unknown}
 s - 6 scrolls of teleportation {unknown}
 x - 5 scrolls of fog {unknown}
 A - a scroll of amnesia {unknown}
 L - 2 scrolls of enchant armour {unknown}
 M - 3 scrolls of enchant weapon {unknown}
 U - a scroll of vulnerability {unknown}
 W - a scroll of blinking {unknown}
Potions
 c - a potion of might {unknown}
 e - 6 potions of curing {unknown}
 f - a potion of attraction {unknown}
 g - 2 potions of berserk rage {unknown}
 j - 2 potions of degeneration {unknown}
 o - 2 potions of heal wounds {unknown}
 D - a potion of invisibility {unknown}
 G - 5 potions of lignification {unknown}
 H - a potion of ambrosia {unknown}
 N - 2 potions of brilliance {unknown}
 O - 4 potions of resistance {unknown}
 P - 3 potions of haste {unknown}
 R - 3 potions of flight {unknown}
 S - 2 potions of mutation {unknown}
Miscellaneous
 a - a phantom mirror


   Skills:
 + Level 2.9 Fighting
 + Level 2.1 Axes
 + Level 4.0 Dodging
 - Level 1.7 Stealth
 + Level 9.2 Spellcasting
 * Level 9.6 Conjurations
 + Level 8.4 Air Magic
 * Level 3.1 Earth Magic
 + Level 1.6 Evocations


You had 10 spell levels left.
You knew the following spells:

 Your Spells              Type           Power      Damage    Failure   Level
a - Shock                 Conj/Air       100%       1d9       1%          1
b - Swiftness             Air            61%        N/A       1%          3
c - Airstrike             Air            30%        N/A       1%          4
d - Iron Shot             Conj/Erth      26%        9d6       36%         6
e - Flame Wave            Conj/Fire      44%        2d8       4%          4

Your spell library contained the following spells:

 Spells                   Type           Power      Damage    Failure   Level
 Foxfire                  Conj/Fire      100%       2x1d9     1%          1
 Static Discharge         Conj/Air       63%        N/A       1%          2
 Conjure Flame            Conj/Fire      44%        6-21      1%          3
 Beastly Appendage        Tmut           28%        N/A       3%          1
 Ensorcelled Hibernation  Hex/Ice        28%        N/A       5%          2
 Wereblood                Tmut           14%        N/A       5%          2
 Inner Flame              Hex/Fire       14%        N/A       11%         3
 Spider Form              Tmut/Pois      14%        N/A       11%         3
 Tukima's Dance           Hex            14%        N/A       11%         3
 Animate Armour           Summ/Erth      48%        N/A       19%         4
 Leda's Liquefaction      Hex/Erth       12%        N/A       19%         4
 Lee's Rapid Deconstruct  Erth           17%        3d11*     26%         5
 Blade Hands              Tmut           7%         N/A       69%         5
 Statue Form              Tmut/Erth      16%        N/A       96%         6
 Enfeeble                 Hex            7%         N/A       100%        7


Dungeon Overview and Level Annotations

Branches:
Dungeon (11/15)            Temple (1/1) D:6            Lair (0/6) D:10
    Orc (0/2) D:10        Ossuary (visited)

Altars:
Dithmenos
Gozag
Hepliaklqana
Kikubaaqudgha
Okawaru
Ru
Sif Muna

Shops:
D:1 *(?

Annotations:
D:8 Clumpoid's ghost, novice GnWn


Innate Abilities, Weirdness & Mutations

You have a pair of horns on your head.
You are mostly covered in molten scales. (AC +3)
You regenerate a lot of health from kills.
You are partially covered in sharp spines.


Message History

You kill the two-headed ogre!
Sif Muna accepts your kill.
Your Axes skill increases to level 2!
Your Dodging skill increases to level 4!
Things that are here:
a +0 giant club; a +0 giant spiked club; a two-headed ogre corpse
There is a stone staircase leading down here.
You start resting.
Magic restored.
You climb downwards.
The orc wizard shouts!
The orc priest shouts!
The orc wizard mumbles some strange words.
The orc wizard flickers and vanishes!
Deactivating autopickup; reactivate with Ctrl-A.
The boulder beetle bites you.
There is a stone staircase leading up here.
Something hits you but does no damage. The boulder beetle bites you!
You climb upwards.
Reactivating autopickup.
There is a stone staircase leading down here.
Unknown command.
Aiming: Paralyse
Press: ? - help, Shift-Dir - straight line, f - boulder beetle
Aim: a boulder beetle (chance to affect: 35%)
The boulder beetle easily resists.
Something completely misses you. The boulder beetle bites you!!
Unknown command.
Aiming: Paralyse
Press: ? - help, Shift-Dir - straight line, f/p - boulder beetle
Aim: a boulder beetle (chance to affect: 35%)
The boulder beetle easily resists.
Something hits you but does no damage.
Deactivating autopickup; reactivate with Ctrl-A.
The boulder beetle bites you!
Unknown command.
Aiming: Paralyse
Press: ? - help, Shift-Dir - straight line, f/p - boulder beetle
Aim: a boulder beetle (chance to affect: 35%)
The boulder beetle easily resists.
Something hits you but does no damage. The boulder beetle bites you!!
You die...

##'########## ######## #......#
####. ######.#### ##.... ####
#....# #..### ...# #######.####
##.#### ...# #..........###
#...... ...# #............##
#...... ...#
###.....)....#..####...... ...#
##........@B..##....#...>..
.(.####..#.......{..##.##.#......
...'....##.>........##.##........
...#####.........................
...# #.########...............#
...#####.########÷........##....#
#####.........†....)...)..##.....
##.....P.PP.####....##..........
#....P..P..P.###....##..........


You could see a boulder beetle.

Vanquished Creatures
  2 two-headed ogres (D:10)
  Pikel (D:7)
  An unseen horror (D:10)
  A komodo dragon (D:10)
  2 trolls
  A vampire (D:10)
  A basilisk (D:10)
  A human (D:10)
  9 yaks
  2 wyverns (D:8)
  2 steam dragons
  2 vampire mosquitoes (D:7)
  A warg (D:9)
  6 water moccasins
  2 ice beasts
  2 orc warriors (D:10)
  4 black bears
  A necrophage (D:5)
  4 lemures (D:7)
  2 centaurs
  2 kobold brigands
  2 elf zombies (Ossuary)
  A bullfrog (D:10)
  2 scorpions
  A gnoll sergeant (D:8)
  A water moccasin zombie (D:5)
  A wyvern zombie (D:7)
  A killer bee (D:8)
  3 jellies
  8 howler monkeys
  6 centaur zombies
  2 bullfrog skeletons
  2 gnoll shamans (D:5)
  10 orc priests
  2 hounds
  Jessica (D:2)
  An iguana (D:7)
  Ijyb (D:4)
  6 orc wizards
  2 killer bee zombies
  4 mummies (Ossuary)
  A howler monkey zombie (D:9)
  9 gnolls (D:5)
  A howler monkey skeleton (D:7)
  6 adders
  2 shadow imps
  A white imp (D:8)
  An adder zombie (Ossuary)
  3 worms
  6 dart slugs
  26 orcs
  3 bats
  5 endoplasms
  5 giant cockroaches
  2 gnoll zombies (Ossuary)
  5 goblins
  7 hobgoblins
  A quokka (D:2)
  3 ball pythons
  2 frilled lizards
  3 goblin zombies
  A jackal zombie (Ossuary)
  8 kobolds
  3 kobold zombies (Ossuary)
  An orc zombie (Ossuary)
  7 rats
  A rat zombie (D:6)
219 creatures vanquished.

Vanquished Creatures (others)
  24 fungi
  17 plants
41 creatures vanquished.

Grand Total: 260 creatures vanquished

Notes
Turn   | Place    | Note
-------+----------+-------------------------------------------
     0 | D:1      | rogsnak the Demonspawn Air Elementalist began the quest for
                  | the Orb.
     0 | D:1      | Reached XP level 1. HP: 13/13 MP: 3/3
   506 | D:1      | Gained mutation: You are partially covered in molten
                  | scales. (AC +2) [demonic ancestry]
   506 | D:1      | Reached XP level 2. HP: 10/19 MP: 1/5
   828 | D:1      | Found Diletaf's Magic Scroll Shoppe.
  1042 | D:1      | Found Kitaf's Antique Weapon Emporium.
  1391 | D:1      | Found Usuot's Assorted Antiques.
  1447 | D:1      | Found a faded altar of an unknown god.
  1672 | D:2      | Gained mutation: You regenerate a little health from kills.
                  | [demonic ancestry]
  1672 | D:2      | Reached XP level 3. HP: 19/24 MP: 0/6
  2437 | D:2      | Noticed Jessica
  2442 | D:2      | Killed Jessica
  2443 | D:2      | Reached XP level 4. HP: 30/30 MP: 1/7
  3784 | D:3      | Gained mutation: You have a pair of small horns on your
                  | head. [demonic ancestry]
  3784 | D:3      | Reached XP level 5. HP: 15/35 MP: 3/9
  4842 | D:4      | Gained mutation: You have a pair of horns on your head.
                  | [demonic ancestry]
  4842 | D:4      | Reached XP level 6. HP: 41/41 MP: 5/11
  5237 | D:4      | Learned a level 3 spell: Swiftness
  5242 | D:4      | Learned a level 4 spell: Airstrike
  5373 | D:4      | Noticed Ijyb
  5383 | D:4      | Killed Ijyb
  5441 | D:4      | Found Riut's Antique Weapon Shop.
  5579 | D:5      | Entered Level 5 of the Dungeon
  5646 | D:5      | Found an opulent altar of Gozag.
  5660 | D:5      | Noticed a water moccasin
  5886 | D:5      | Killed a water moccasin
  5887 | D:5      | Gained mutation: You regenerate health from kills. [demonic
                  | ancestry]
  5887 | D:5      | Reached XP level 7. HP: 31/47 MP: 5/13
  6147 | D:5      | Reached skill level 5 in Conjurations
  6527 | D:5      | Reached skill level 1 in Fighting
  6925 | D:5      | Gained mutation: You regenerate a lot of health from kills.
                  | [demonic ancestry]
  6925 | D:5      | Reached XP level 8. HP: 54/54 MP: 9/15
  7317 | D:6      | Found a staircase to the Ecumenical Temple.
  7323 | D:6      | Noticed a troll
  7341 | D:6      | Killed a troll
  7342 | D:6      | Reached skill level 5 in Spellcasting
  7342 | D:6      | Reached skill level 5 in Air Magic
  7354 | Temple   | Entered the Ecumenical Temple
  7359 | Temple   | Became a worshipper of Sif Muna the Loreminder
  7430 | D:6      | Found a sand-covered staircase.
  7465 | Ossuary  | Entered an ossuary
  8312 | D:6      | Identified the +1 ring mail "Buqiteavu" {Rampage}
  8884 | D:6      | Reached * piety under Sif Muna
  9218 | D:7      | Gained mutation: You are partially covered in sharp spines.
                  | [demonic ancestry]
  9218 | D:7      | Reached XP level 9. HP: 61/61 MP: 13/17
  9611 | D:7      | Noticed Pikel
  9625 | D:7      | Killed Pikel
 11097 | D:8      | Found a runed translucent gate.
 11098 | D:8      | Found a runed translucent gate.
 11099 | D:8      | Found a runed translucent gate.
 11101 | D:8      | Noticed a nine-headed hydra
 11102 | D:8      | Noticed Clumpoid's ghost (novice GnWn)
 11271 | D:8      | Gained mutation: You are mostly covered in molten scales.
                  | (AC +3) [demonic ancestry]
 11271 | D:8      | Reached XP level 10. HP: 67/67 MP: 12/21
 11431 | D:8      | Reached ** piety under Sif Muna
 11747 | D:8      | Identified the +10 broad axe of Bodily Harmony {freeze,
                  | rPois Int+4}
 11797 | D:9      | Learned a level 6 spell: Iron Shot
 11802 | D:9      | Learned a level 4 spell: Flame Wave
 11948 | D:9      | Found an opulent altar of Gozag.
 12306 | D:9      | Reached skill level 1 in Earth Magic
 12696 | D:10     | Entered Level 10 of the Dungeon
 13400 | D:10     | Noticed a two-headed ogre
 13480 | D:10     | Reached skill level 1 in Evocations
 13562 | D:10     | Reached skill level 1 in Axes
 13808 | D:10     | Killed a two-headed ogre
 13830 | D:10     | Found a staircase to the Lair.
 13953 | D:10     | Found a staircase to the Orcish Mines.
 14112 | D:10     | Reached XP level 11. HP: 44/73 MP: 24/24
 14120 | D:10     | Reached *** piety under Sif Muna
 14177 | D:10     | Noticed a two-headed ogre
 14742 | D:10     | Identified the +9 tower shield of the Iron Devil {rN+ SInv}
 14804 | D:11     | Noticed a boulder beetle
 15011 | D:10     | Killed a two-headed ogre
 15110 | D:10     | Slain by a boulder beetle

Illustrated notes

Levels and vault maps discovered:
D:1:      psy_arrival_radial02, layout_loops_ring, serial_shops,
          nicolae_shop_overgrown_old_shop, nicolae_square_shop,
          nicolae_shop_window_shopping, shapermc_ecumenical_altar_mp_vishouse
D:2:      layout_loops_ring, kennysheep_generic_room_5, uniq_jessica
D:3:      layout_basic
D:4:      layout_rooms, serial_shops, kennysheep_little_box, uniq_ijyb
D:5:      layout_loops_corners, nicolae_gozag_cash_rules_everything_around_me,
          serial_aquarium, aquarium_bridge_straight [aquarium_subvault_bridge,
          aquarium_subvault_balcony, aquarium_subvault_bridge,
          aquarium_subvault_wall], aquarium_bridge_square
          [aquarium_subvault_bridge, aquarium_subvault_bridge,
          aquarium_subvault_wall, aquarium_subvault_bridge],
          aquarium_window_fake, aquarium_window_fake, aquarium_window_fake,
          aquarium_window_2, aquarium_view_2a, aquarium_view_2d,
          aquarium_pool_S, kennysheep_generic_room_8
D:6:      layout_cave_pods, minmay_temple_entry_proselytizer, enter_ossuary_4
D:7:      layout_loops_ring, kennysheep_generic_room_15, uniq_pikel
D:8:      layout_loops_ring, gammafunk_ghost_hydra_chop, minmay_joined_circles
D:9:      layout_roguey, kennysheep_flooded_box, nicolae_figureground_pulse
D:10:     layout_roguey, grunt_lair_entry_orc_guard_hut, erik_orc_4,
          minmay_increasing_density
D:11:     layout_long_grid
Temple:   grunt_wide_crystal_templ

Skill      XL: |  1  2  3  4  5  6  7  8  9 10 11 |
---------------+----------------------------------+-----
Air Magic      | 3 4 6 7 8 |  8.4
Dodging        | 2 3 4 |  4.0
Conjurations   | 2 3 4 5 7 8 9 |  9.6
Spellcasting   | 3 4 5 7 9 |  9.2
Fighting       | 1 2 |  2.9
Earth Magic    | 2 3 |  3.1
Evocations     | 1 |  1.6
Axes           | 1 2 |  2.1
Stealth        | |  1.7

Action                   |  1- 3 |  4- 6 |  7- 9 | 10-12 || total
-------------------------+-------+-------+-------+-------++-------
Melee: Dagger            |     6 |       |       |       ||     6
       Staff             |     8 |     4 |    12 |       ||    24
       Mace              |     1 |       |       |       ||     1
       Short sword       |       |    12 |       |       ||    12
       Spear             |       |    28 |    37 |       ||    65
       Headbutt          |       |     4 |     4 |     5 ||    13
       Broad axe         |       |       |       |    43 ||    43
 Cast: Shock             |    80 |   131 |   215 |    77 ||   503
       Airstrike         |       |       |    26 |    50 ||    76
       Swiftness         |       |       |       |     2 ||     2
       Flame Wave        |       |       |       |     2 ||     2
Evoke: Wand              |       |       |       |    11 ||    11
 Stab: Paralysed         |       |       |       |     6 ||     6
Armor: Robe              |     5 |    15 |    71 |    40 ||   131
Dodge: Dodged            |    20 |    34 |   118 |    75 ||   247

Table legend: (Time is in decaauts)
 A = Elapsed time spent in this place.
 B = Non-inter-level travel time spent in this place.
 C = Inter-level travel time spent in this place.
 D = Time resting spent in this place.
 E = Time spent auto-exploring this place.
 F = Levels seen in this place.
 G = Mean time per level.
                   A        B        C        D        E       F      G
               +--------+--------+--------+--------+--------+-----+--------+
         Total |  15147 |  14828 |    319 |   3106 |   9252 |  13 | 1165.2 |
       Dungeon |  14612 |  14293 |    319 |   2868 |   9096 |  11 | 1328.4 |
        Temple |     10 |     10 |      0 |      0 |      0 |   1 |   10.0 |
       Ossuary |    524 |    524 |      0 |    238 |    156 |   1 |  524.0 |
               +--------+--------+--------+--------+--------+-----+--------+

Top non-repeatable levels by time:
    D:10: 2377 daAuts
     D:3: 1813 daAuts
     D:5: 1737 daAuts
     D:1: 1558 daAuts
     D:7: 1444 daAuts
     D:8: 1391 daAuts
     D:2: 1311 daAuts
     D:6: 1098 daAuts
     D:9: 948 daAuts
     D:4: 899 daAuts
 Ossuary: 524 daAuts
    D:11: 30 daAuts
  Temple: 10 daAuts
